AoeStats
← Long John Silver

African Clearing

506084867Analyzed
4v4 RM · 20d ago on Sep 12, 2026· 37m 48s· 8 players
Game mode
Random Map
Map size
Large (8 player)
Population
200
Speed
Normal
Resources
Standard
Victory
Conquest
Starting age
Dark Age
Ending age
Imperial Age
RankedLock teamsTeams togetherTeam positionsShared explorationLock speedFull tech treeHidden civsTurbo modeCheats
Victory
Defeat
🇨🇴 Mongols · Colombia
1486
+12
🇨🇳 Magyars · China
1454
+14
🇩🇪 Hindustanis · Germany
1428
+15
🇨🇴 Saracens · Colombia
1314
+20
🇩🇪 Huns · Germany
1465
-18
🇲🇴 Vietnamese · Macao SAR China
1460
-18
🇦🇺 Khitans · Australia
1378
-14
🇬🇧 Hindustanis · United Kingdom
1308
-11
Lord Petrosky
6:50 Loom
13:41 Feudal Age
21:45 Castle Age
20:13 Double-Bit Axe
20:11 Horse Collar
21:48 Gold Mining
21:51 Stone Mining
25:36 Town Watch
28:15 Light Cavalry
35:01 Scale Barding Armor
36:18 Bloodlines
36:54 Husbandry
38:17 Wheelbarrow
38:00 Forging
Barca4life
4:22 Loom
12:29 Feudal Age
13:14 Double-Bit Axe
18:19 Forging
18:01 Horse Collar
20:23 Wheelbarrow
24:29 Castle Age
23:03 Scale Barding Armor
23:12 Gold Mining
24:05 Bloodlines
25:10 Husbandry
29:32 Chain Barding Armor
35:02 Town Watch
37:19 Hand Cart
39:02 Iron Casting
咚哩个咚
9:20 Loom
14:54 Feudal Age
20:03 Castle Age
19:54 Gold Mining
21:42 Scale Barding Armor
22:33 Horse Collar
27:30 Town Watch
28:28 Fletching
31:05 Stone Mining
31:15 Double-Bit Axe
32:22 Padded Archer Armor
32:57 Elite Skirmisher
34:57 Bodkin Arrow
35:45 Leather Archer Armor
37:52 Heavy Plow
Alvaro_Uribest
10:58 Feudal Age
11:57 Double-Bit Axe
13:14 Horse Collar
15:18 Bloodlines
15:46 Loom
17:11 Fletching
19:53 Wheelbarrow
19:55 Padded Archer Armor
26:05 Castle Age
26:10 Elite Skirmisher
26:46 Bodkin Arrow
32:22 Ballistics
codobaggins
10:42 Loom
12:27 Feudal Age
17:26 Castle Age
16:32 Double-Bit Axe
22:45 Fletching
23:45 Horse Collar
25:13 Wheelbarrow
25:29 Bodkin Arrow
27:24 Gold Mining
28:03 Padded Archer Armor
28:15 Husbandry
29:23 Bow Saw
30:12 Bloodlines
33:18 Scale Barding Armor
33:24 Forging
38:17 Imperial Age
37:09 Hand Cart
37:19 Chain Barding Armor
HOU
3:49 Loom
14:31 Feudal Age
18:37 Castle Age
16:44 Horse Collar
18:11 Double-Bit Axe
22:16 Heavy Plow
24:41 Fletching
24:40 Crossbowman
31:48 Ballistics
32:19 Bow Saw
32:12 Treadmill Crane
33:13 Bodkin Arrow
34:14 Gold Mining
35:15 Stone Mining
37:00 Wheelbarrow
37:07 Thumb Ring
38:05 Scale Barding Armor
38:12 Forging
Hemsy124
5:29 Loom
13:32 Feudal Age
18:17 Castle Age
Long John Silver
9:52 Loom
12:03 Feudal Age
12:53 Double-Bit Axe
12:49 Horse Collar
20:40 Castle Age
19:45 Fletching
20:05 Bloodlines
21:22 Bodkin Arrow
24:57 Husbandry
26:17 Ballistics
32:34 Thumb Ring
32:31 Padded Archer Armor
34:48 Wheelbarrow
35:53 Leather Archer Armor
Connection lost

Rejoining the realm…

Still unreachable

The connection could not be restored.

Session expired

The server has moved on; the page needs a fresh start.